 Dungeon Crawl Stone Soup version 0.31-a0-743-g45f7035092 (webtiles) character file.

Game seed: 8217601193212179730

452 freelancePsychic the Trooper (level 7, -1/53 HPs)
             Began as a Djinni Shapeshifter on Sept 12, 2023.
             Slain by a gnoll
             ... wielding a +0 halberd
              (14 damage)
             ... on level 3 of the Dungeon.
             The game lasted 00:06:29 (3887 turns).

freelancePsychic the Trooper (Djinni Shapeshifter)  Turns: 3887, Time: 00:06:29

Health: -1/53      AC:  6    Str: 13    XL:     7   Next: 25%
Gold:   181        EV: 11    Int: 14    God:
                   SH:  0    Dex: 12

rFire   + +          .
                       - Unarmed
rCold   x . .        (no shield)
rNeg    . . .        e - +0 leather armour
rPois   ∞            (helmet currently unavailable)
rElec   .            (cloak currently unavailable)
rCorr   .            (gloves currently unavailable)
SInv    .            (boots unavailable)
Will    .....        (no amulet)
Stlth   +            (no ring)
HPRegen 0.28/turn    (no ring)
MPRegen 0.00/turn

%: infuse magic (-2 HP)
@: ice-armoured, beast-form, flying
A: beast (slay +1), flying, sickness immunity, fire resistance 2, cold
vulnerability 1, float, innate caster, HP casting, extra vitality 1
a: Begin Untransformation


You were on level 3 of the Dungeon.
You were a hulking beast.
You visited 1 branch of the dungeon, and saw 3 of its levels.

You collected 181 gold pieces.

Inventory:

Armour
 a - a scarf of shadows
 e - a +0 leather armour (worn)
 f - a +0 cloak
Jewellery
 j - a ring of fire
 m - a ring of wizardry
Talismans
 c - a beast talisman (active)
 d - a flux talisman
Wands
 i - a wand of iceblast (2)
Scrolls
 g - a scroll of revelation
 h - a scroll of immolation
Potions
 b - a potion of resistance


   Skills:
 + Level 4.5 Fighting
 - Level 2.1 Dodging
 + Level 4.3 Unarmed Combat
 + Level 2.9 Spellcasting
 + Level 2.9 Conjurations
 + Level 2.9 Hexes
   Level 0.0 Charms
 + Level 2.9 Summonings
 + Level 2.9 Necromancy
 + Level 2.9 Translocations
 + Level 2.9 Transmutations
 + Level 2.9 Fire Magic
 + Level 2.9 Ice Magic
 + Level 2.9 Air Magic
 + Level 2.9 Earth Magic
 + Level 2.9 Poison Magic
 - Level 2.6 Shapeshifting


You knew the following spells:

 Your Spells              Type           Power      Damage    Failure   Level
a - Slow                  Hex            40%        N/A       9%          1
b - Blink                 Tloc           20%        N/A       13%         2
c - Ozocubu's Armour      Ice            10%        N/A       26%         3
Your spell library was empty.

Dungeon Overview and Level Annotations

Branches:
Dungeon (3/15)

Altars:
Yredelemnul

Annotations:
D:3 1 runed translucent door


Innate Abilities, Weirdness & Mutations

You are a hulking beast.
Your limbs bulge with bestial killing power. (Slay +1)
You are flying.
You are immune to sickness and miasma.
You are immune to poison.
Your flesh is very heat resistant. (rF++)
You are vulnerable to cold. (rC-)
You float through the air rather than walking.
You learn spells naturally, not from books.
Your magical power is your life essence.
You have superior vitality. (+4 MHP)


Message History

The gnoll is heavily wounded.
The gnoll hits you with a +0 halberd!
You closely miss the gnoll. You punch the gnoll.
The gnoll is severely wounded.
The gnoll misses you.
You closely miss the gnoll.
The gnoll is severely wounded.
The gnoll closely misses you.
You barely miss the gnoll.
The gnoll is severely wounded.
The gnoll hits you with a +0 halberd!
You are too injured to fight recklessly!
You are too injured to fight recklessly!
You are too injured to fight recklessly!
You are too injured to fight recklessly!
You are too injured to fight recklessly!
You are too injured to fight recklessly!
You are too injured to fight recklessly!
You are too injured to fight recklessly!
You are too injured to fight recklessly!
You are too injured to fight recklessly!
You are too injured to fight recklessly!
You are too injured to fight recklessly!
You closely miss the gnoll.
The gnoll is severely wounded.
You hit the gnoll.
The gnoll is almost dead.
The gnoll hits you with a +0 halberd!
You closely miss the gnoll.
The gnoll is almost dead.
The gnoll hits you with a +0 halberd!
* * * LOW HITPOINT WARNING * * *
You barely miss the gnoll.
The gnoll is almost dead.
The gnoll barely misses you.
You hit the gnoll but do no damage.
The gnoll is almost dead.
You hear a shout!
The gnoll hits you with a +0 halberd!
You die...

.~......~.~.~.~.~....~~..~~~~~.~.
~~~~...).)~~(~≈~~~~~~~~~~~~~~~~~~
≈≈≈~....))≈≈≈≈≈≈~≈≈≈≈≈≈≈≈≈≈≈≈≈≈≈≈
≈≈~....)))≈≈≈≈≈≈≈≈≈≈≈≈≈≈≈≈≈≈≈≈≈##
#####''#########################
...#.).)# ......#..............#
...#..(.# ......'g......K()....#
####....#########g......)...g..#
..#...(..#.....(h...########gg...
..'......'.)........# .K.
..#......#..........###### .
####....#########.......... ..
#....# ..l..'.......... .. #....#
KK...#.......... ## ######
################


You could see 2 gnolls.

Vanquished Creatures
  A kobold brigand (D:3)
  A howler monkey (D:3)
  A hound (D:3)
  An orc priest (D:3)
  Jessica (D:2)
  11 gnolls
  2 adders (D:3)
  An ufetubus (D:3)
  A worm (D:3)
  2 dart slugs
  4 orcs
  3 bats
  9 endoplasms
  3 giant cockroaches
  4 goblins
  9 hobgoblins
  4 quokkas
  6 ball pythons
  6 frilled lizards
  A goblin zombie (D:3)
  46 kobolds
  4 rats
121 creatures vanquished.

Notes
Turn   | Place    | Note
-------+----------+-------------------------------------------
     0 | D:1      | freelancePsychic the Djinni Shapeshifter began the quest
                  | for the Orb.
     0 | D:1      | Reached XP level 1. HP: 17/17 MP: 0/0
    86 | D:1      | Reached XP level 2. HP: 21/22 MP: 0/0
   370 | D:1      | Reached skill level 1 in Spellcasting
   370 | D:1      | Reached skill level 1 in Conjurations
   370 | D:1      | Reached skill level 1 in Hexes
   370 | D:1      | Reached skill level 1 in Summonings
   370 | D:1      | Reached skill level 1 in Necromancy
   370 | D:1      | Reached skill level 1 in Translocations
   370 | D:1      | Reached skill level 1 in Transmutations
   370 | D:1      | Reached skill level 1 in Fire Magic
   370 | D:1      | Reached skill level 1 in Ice Magic
   370 | D:1      | Reached skill level 1 in Air Magic
   370 | D:1      | Reached skill level 1 in Earth Magic
   370 | D:1      | Reached skill level 1 in Poison Magic
   671 | D:2      | Noticed Jessica
   685 | D:1      | Reached XP level 3. HP: 25/28 MP: 0/0
   685 | D:1      | Learned a level 1 spell: Slow
   761 | D:2      | Killed Jessica
   762 | D:2      | Reached XP level 4. HP: 26/34 MP: 0/0
  1076 | D:2      | Found a faded altar of an unknown god.
  1509 | D:3      | Reached XP level 5. HP: 23/40 MP: 0/0
  1509 | D:3      | Learned a level 2 spell: Blink
  2021 | D:3      | Reached XP level 6. HP: 25/47 MP: 0/0
  2164 | D:3      | Found a runed translucent door.
  2164 | D:3      | Noticed a human
  2176 | D:3      | Found a basalt altar of Yredelemnul.
  2263 | D:3      | Identified the +1 pair of gloves of Wonder {Str+3}
  3722 | D:3      | Reached XP level 7. HP: 19/53 MP: 0/0
  3722 | D:3      | Learned a level 3 spell: Ozocubu's Armour
  3887 | D:3      | Slain by a gnoll

Illustrated notes

Levels and vault maps discovered:
D:1:      eino_arrival_tree_alley, layout_loops_ring, glass_columns_b
D:2:      layout_rooms, hellmonk_ecumenical_altar_pennies_from_heaven,
          corexii_shack, dk_noncrumbling_2, nicolae_underground_beach,
          uniq_jessica
D:3:      minmay_goblin_kobold_castle, layout_basic, dk_yredelemnul_ordeal,
          minmay_pentangle

Skill      XL: |  1  2  3  4  5  6 |
---------------+-------------------+-----
Spellcasting   | 1 2 |  2.9
Conjurations   | 1 2 |  2.9
Hexes          | 1 2 |  2.9
Summonings     | 1 2 |  2.9
Necromancy     | 1 2 |  2.9
Translocations | 1 2 |  2.9
Transmutations | 1 2 |  2.9
Fire Magic     | 1 2 |  2.9
Ice Magic      | 1 2 |  2.9
Air Magic      | 1 2 |  2.9
Earth Magic    | 1 2 |  2.9
Poison Magic   | 1 2 |  2.9
Fighting       | 2 3 4 |  4.5
Unarmed Combat | 4 |  4.3
Dodging        | |  2.1
Shapeshifting  | |  2.6

Action                     |  1- 3 |  4- 6 |  7- 9 || total
---------------------------+-------+-------+-------++-------
  Melee: Unarmed           |    56 |   295 |    12 ||   363
         Punch             |     1 |     9 |     2 ||    12
   Cast: Ozocubu's Armour  |       |       |     1 ||     1
  Evoke: Wand              |       |     4 |       ||     4
    Use: Scroll            |     2 |     4 |       ||     6
         Potion            |     1 |     4 |       ||     5
   Stab: Sleeping          |     1 |       |       ||     1
 Armour: Animal skin       |     5 |       |       ||     5
         Leather armour    |    12 |   202 |     6 ||   220
         Skin              |     2 |    10 |       ||    12
  Dodge: Dodged            |    41 |   180 |     6 ||   227

Table legend: (Time is in decaauts)
 A = Elapsed time spent in this place.
 B = Non-inter-level travel time spent in this place.
 C = Inter-level travel time spent in this place.
 D = Time resting spent in this place.
 E = Time spent auto-exploring this place.
 F = Levels seen in this place.
 G = Mean time per level.
                   A        B        C        D        E       F      G
               +--------+--------+--------+--------+--------+-----+--------+
         Total |   3855 |   3772 |     83 |    352 |   2496 |   3 | 1285.0 |
       Dungeon |   3855 |   3772 |     83 |    352 |   2496 |   3 | 1285.0 |
               +--------+--------+--------+--------+--------+-----+--------+

Top non-repeatable levels by time:
     D:3: 2024 daAuts
     D:2: 1188 daAuts
     D:1: 643 daAuts
